Map: Tokamak LE

Players

FalconsSolar (Solar)

  • Race: Zerg Zerg
  • Spawn Location: 7:00

VITmaru (Maru) - Winner!

  • Race: Terran Terran
  • Spawn Location: 1:00

Event: DreamHack Dallas 2025

VOD

Have the link to the VOD?

Description

Time

  • Played on: May 25, 2025, 5:54 p.m.
  • Length: 13:39

All games in this series

Show
View Real Time Build Order
Export as new Build Order

FalconsSolar Zerg 

Build Orders: Hatch First 

Get SALT Encoding   

  12  0:00  Drone  
  13  0:07  Drone  
  14  0:15  Drone, Extractor  
  15  0:21  Overlord  
  15  0:40  Drone  
  16  0:46  Hatchery  
  16  0:48  Drone  
  16  0:51  Drone  
  16  0:55  Drone  
  18  1:06  Extractor  
  18  1:10  Spawning Pool  
  16  1:13  Drone  
  16  1:16  Drone  
  18  1:26  Drone  
  19  1:37  Drone  
  20  1:47  Drone  
  21  1:58  Queen x2  
  21  1:59  Zergling x4  
  27  2:09  Drone  
  27  2:10  Overlord  
  27  2:12  Metabolic Boost  
  28  2:26  Hatchery  
  27  2:30  Drone  
  27  2:31  Drone  
  27  2:35  Drone  
  30  2:38  Drone  
  30  2:41  Overlord  
  31  2:45  Zergling x2  
  31  2:50  Queen  
  34  2:53  Zergling x2  
  34  2:56  Zergling x2  
  36  3:04  Zergling x4  
  38  3:09  Drone x3  
  38  3:10  Drone x2  
  38  3:12  Drone  
  44  3:15  Overlord  
  44  3:20  Overlord  
  44  3:27  Hatchery  
  43  3:36  Drone  
  43  3:38  Queen  
  47  3:41  Drone x5  
  47  3:48  Queen  
  51  3:52  Drone x2  
  55  3:57  Drone  
  55  4:01  Extractor  
  55  4:02  Drone, Baneling Nest  
  55  4:06  Zergling x2  
  55  4:09  Zergling x6  
  59  4:11  Overlord  
  59  4:19  Overlord  
  59  4:25  Overlord  
  59  4:29  Queen  
  59  4:30  Drone x3  
  64  4:32  Lair  
  64  4:34  Drone x2  
  66  4:39  Drone  
  66  4:40  Queen  
  66  4:42  Drone  
  66  4:44  Drone  
  71  4:47  Drone  
  71  4:50  Drone x3  
  71  4:52  Drone  
  76  4:55  Drone  
  76  4:56  Evolution Chamber  
  76  4:58  Evolution Chamber  
  76  4:59  Drone  
  76  5:00  Drone  
  76  5:01  Drone  
  76  5:03  Overlord  
  76  5:05  Drone  
  76  5:07  Drone  
  80  5:13  Drone x3  
  83  5:15  Extractor  
  83  5:17  Extractor  
  83  5:18  Drone x3  
  84  5:24  Zerg Ground Armor Level 1  
  84  5:33  Hatchery  
  84  5:34  Drone x3  
  87  5:35  Drone x2  
  87  5:36  Drone  
  87  5:37  Extractor  
  87  5:39  Centrifugal Hooks  
  87  5:41  Drone  
  89  5:42  Baneling  
  89  5:43  Baneling  
  89  5:45  Baneling  
  89  5:46  Zergling x8  
  89  5:48  Baneling x3  
  89  5:49  Overlord  
  93  5:52  Overlord  
  93  5:53  Zergling x6  
  93  5:56  Zerg Melee Weapons Level 1, Baneling  
  96  5:58  Drone  
  96  5:59  Baneling  
  96  6:01  Drone  
  95  6:04  Drone  
  95  6:09  Drone  
  95  6:10  Drone x6  
  95  6:11  Infestation Pit  
  101  6:12  Zergling x2  
  101  6:14  Baneling x2  
  101  6:17  Overlord  
  99  6:19  Drone  
  99  6:22  Drone  
  99  6:25  Zergling x6  
  104  6:26  Baneling x2  
  104  6:29  Drone  
  104  6:31  Drone  
  105  6:37  Zergling x2  
  105  6:39  Overseer  
  106  6:40  Zergling x2  
  106  6:41  Drone  
  106  6:46  Zergling x10  
  113  6:48  Queen  
  110  6:56  Zergling x12  
  110  7:00  Zergling x6  
  110  7:01  Baneling x8  
  115  7:03  Zergling x4, Hive  
  115  7:05  Drone  
  115  7:06  Drone  
  119  7:13  Zergling x2, Overlord  
  119  7:15  Zergling x6  
  123  7:16  Drone  
  123  7:17  Drone  
  123  7:19  Zerg Ground Armor Level 2  
  125  7:25  Hatchery  
  125  7:26  Zergling x6  
  125  7:29  Overlord  
  127  7:33  Zergling x2  
  127  7:35  Overlord  
  127  7:36  Overlord, Extractor  
  127  7:45  Drone  
  127  7:46  Overlord  
  127  7:47  Baneling  
  127  7:48  Zergling x2, Baneling  
  127  7:49  Zergling x14  
  136  7:53  Zerg Melee Weapons Level 2  
  136  7:54  Zergling x8  
  136  7:56  Overlord  
  136  7:57  Hatchery  
  137  8:00  Drone x2  
  139  8:06  Zergling x16  
  139  8:08  Zergling x6, Baneling x4  
  139  8:10  Overlord  
  150  8:13  Zergling x4  
  150  8:17  Viper x2  
  150  8:19  Zergling x2, Adrenal Glands  
  159  8:20  Zergling x2, Ultralisk Cavern  
  159  8:25  Drone x2  
  160  8:31  Zergling x4, Extractor  
  158  8:35  Zergling x2  
  158  8:38  Baneling x5  
  158  8:39  Baneling x4  
  158  8:40  Overlord  
  159  8:41  Zergling x20  
  159  8:42  Zergling x6  
  170  8:51  Zergling x2, Hatchery, Baneling x3  
  170  8:52  Zergling x2, Baneling  
  170  8:53  Baneling x11  
  171  8:57  Zergling x4  
  171  8:59  Baneling x2  
  171  9:01  Baneling x4  
  173  9:05  Zergling x8  
  173  9:09  Chitinous Plating  
  177  9:11  Zergling x8  
  180  9:18  Drone x2  
  180  9:19  Overlord  
  174  9:33  Zergling x2, Ultralisk  
  174  9:34  Ultralisk  
  174  9:38  Zergling x22  
  184  9:44  Baneling x6  
  179  9:48  Queen  
  179  9:52  Drone x5  
  157  9:58  Zergling x2, Ultralisk  
  156  10:03  Zergling x2  
  154  10:08  Zergling x6  
  157  10:15  Extractor  
  157  10:21  Ultralisk  
  157  10:25  Queen x2  
  157  10:28  Zergling x14, Extractor  
  157  10:34  Overlord  
  155  10:38  Zergling x10  
  156  10:42  Hatchery  
  156  10:49  Zergling x6  
  152  10:52  Ultralisk  
  142  10:58  Hatchery  
  142  10:59  Zergling x4  
  140  11:07  Zergling x2  
  140  11:08  Zergling x2, Ultralisk Cavern  
  140  11:10  Zergling x2  
  140  11:11  Zergling x10  
  147  11:17  Zergling x6  
  134  11:29  Zergling x6  
  137  11:36  Zergling x2  
  137  11:38  Overlord  
  131  11:40  Zergling x2  
  131  11:43  Zergling x2  
  134  11:48  Zergling x4  
  128  11:58  Zergling x10  
  128  12:01  Baneling x3  
  129  12:02  Hatchery  
  129  12:03  Zergling x2  
  129  12:04  Zergling x6  
  129  12:08  Zergling x2, Anabolic Synthesis  
  133  12:13  Zergling x2  
  134  12:17  Baneling x4  
  134  12:19  Pneumatized Carapace  
  132  12:24  Hatchery  
  132  12:25  Zergling x8  
  134  12:33  Zergling x4  
  134  12:38  Zergling x12  
  134  12:43  Zergling x4  
  136  12:50  Zergling x6  
  135  12:57  Hatchery  
  135  12:58  Zergling x4  
  118  13:06  Zergling x4  
  118  13:16  Zergling x6  
Show
View Real Time Build Order
Export as new Build Order

VITmaru Terran - Winner!

Build Orders:  

Get SALT Encoding   

  12  0:00  SCV  
  13  0:12  SCV  
  14  0:21  Supply Depot  
  14  0:24  SCV  
  15  0:42  SCV  
  16  0:44  Barracks  
  16  0:45  Refinery  
  16  0:54  SCV  
  17  1:01  Barracks  
  17  1:06  SCV  
  18  1:18  SCV  
  19  1:31  Orbital Command, Reaper  
  20  1:34  Supply Depot  
  20  1:48  Reaper  
  21  1:56  SCV  
  22  2:05  Reaper  
  23  2:09  SCV  
  23  2:11  Command Center  
  24  2:21  SCV  
  24  2:22  Refinery  
  25  2:23  Reaper  
  26  2:33  SCV  
  27  2:45  SCV  
  27  2:46  Command Center  
  28  2:59  SCV  
  28  3:02  Factory  
  28  3:03  Barracks Reactor  
  29  3:08  Barracks Tech Lab  
  29  3:11  SCV  
  30  3:23  SCV  
  30  3:35  Orbital Command, Marine, SCV  
  30  3:41  Engineering Bay  
  31  3:42  Marine, Engineering Bay  
  31  3:47  SCV  
  33  3:55  Marine  
  36  3:59  SCV  
  36  4:00  Orbital Command  
  36  4:01  SCV  
  35  4:11  SCV  
  35  4:13  SCV  
  35  4:14  Hellion x2  
  41  4:17  Barracks Reactor  
  41  4:18  Terran Infantry Weapons Level 1  
  41  4:21  Terran Infantry Armor Level 1  
  41  4:23  SCV  
  42  4:25  SCV  
  42  4:26  SCV  
  42  4:28  Stimpack  
  44  4:35  SCV  
  44  4:36  Hellion x2  
  44  4:37  Marine  
  44  4:38  SCV  
  51  4:39  Supply Depot  
  51  4:42  Refinery  
  51  4:44  SCV  
  52  4:52  SCV x2  
  54  4:53  Starport  
  54  4:55  Marine  
  54  4:56  Marine  
  54  4:57  Marine  
  57  5:00  SCV  
  57  5:03  Armory  
  57  5:04  SCV  
  57  5:05  Orbital Command  
  59  5:07  Barracks  
  59  5:09  Hellion  
  59  5:11  Hellion  
  59  5:12  Marine  
  64  5:14  Marine, SCV  
  64  5:17  Supply Depot, SCV  
  67  5:26  SCV  
  67  5:27  Supply Depot  
  68  5:29  SCV  
  68  5:30  Supply Depot  
  69  5:39  Marine x2, SCV x2  
  73  5:44  Refinery, Factory Tech Lab  
  73  5:47  Medivac x2  
  73  5:48  Marine  
  78  5:51  SCV  
  78  5:52  SCV  
  78  5:54  SCV  
  78  5:56  Marine  
  82  5:57  Barracks Reactor  
  82  5:59  Supply Depot  
  82  6:03  SCV  
  83  6:04  SCV  
  83  6:06  Marine  
  83  6:07  SCV  
  86  6:15  SCV  
  86  6:16  Marine x2  
  86  6:17  SCV  
  90  6:19  SCV  
  90  6:21  Terran Infantry Weapons Level 2  
  90  6:22  Terran Infantry Armor Level 2  
  90  6:24  Marine  
  92  6:27  SCV  
  92  6:29  SCV  
  92  6:31  SCV  
  92  6:32  Barracks  
  95  6:33  Marine  
  95  6:34  Marine  
  95  6:36  Barracks, Combat Shield  
  95  6:39  SCV  
  98  6:40  Supply Depot  
  98  6:41  SCV  
  98  6:42  Marine  
  98  6:45  SCV  
  101  6:53  SCV, Siege Tank  
  97  6:57  SCV  
  97  6:59  SCV  
  91  7:01  Medivac x2  
  91  7:02  Marine x5  
  91  7:06  Supply Depot  
  91  7:08  Supply Depot  
  100  7:20  Marine x5  
  100  7:21  Barracks Reactor  
  105  7:23  Barracks Reactor  
  105  7:24  Supply Depot, Barracks  
  105  7:25  Barracks x2, Siege Tank  
  108  7:31  Supply Depot  
  108  7:32  SCV x2  
  108  7:34  Medivac  
  112  7:37  Medivac  
  112  7:38  Marine x4  
  112  7:39  Supply Depot  
  112  7:43  Marauder  
  120  7:48  Supply Depot  
  120  7:56  Marine x4  
  120  7:58  Marine x2  
  126  7:59  Siege Tank  
  126  8:01  Supply Depot  
  126  8:02  Marine x2  
  126  8:04  Marauder  
  133  8:08  Refinery, Supply Depot  
  133  8:10  Medivac x2  
  137  8:13  Marine  
  137  8:14  Marine x3  
  137  8:15  Marine  
  137  8:16  Marine  
  137  8:19  Marine x4  
  141  8:20  Marine  
  141  8:26  Marauder  
  145  8:31  Marine x4  
  145  8:33  Marine x2  
  150  8:37  Marine x4  
  150  8:38  Marine  
  150  8:39  Medivac  
  150  8:40  Medivac  
  159  8:43  Supply Depot  
  159  8:47  Marauder  
  160  8:49  Marine x4  
  160  8:50  Terran Infantry Weapons Level 3  
  160  8:51  Command Center, Marine x2  
  166  8:55  Marine x2  
  166  8:56  Marine  
  166  9:01  Terran Infantry Armor Level 3  
  169  9:03  Marine x2  
  169  9:07  Marine x2  
  169  9:09  Marauder  
  175  9:11  Sensor Tower  
  175  9:12  Supply Depot  
  175  9:17  Marine  
  175  9:19  Siege Tank  
  179  9:30  Marauder  
  173  9:36  Barracks Tech Lab x2  
  173  9:37  Barracks Tech Lab  
  164  9:41  Factory  
  164  9:42  Marine x2  
  163  9:47  Marine x3  
  163  9:50  Marine  
  163  9:51  Marauder, Marine, Siege Tank  
  168  9:56  Marine x2  
  168  9:57  Marauder x2  
  169  10:00  Medivac  
  169  10:06  SCV  
  168  10:07  Marine  
  168  10:12  Marine x3  
  168  10:13  Marauder, Marine x3  
  172  10:14  Concussive Shells  
  172  10:15  Marauder  
  172  10:18  Marauder  
  176  10:22  Marine x2  
  176  10:23  Siege Tank  
  176  10:25  Marine, SCV x2  
  182  10:30  Marine  
  182  10:33  Marine x2  
  182  10:34  Marauder  
  181  10:36  Marauder  
  181  10:38  Medivac x2  
  181  10:39  Marauder  
  181  10:41  Marauder  
  186  10:48  SCV x3  
  187  10:54  Marine  
  187  10:56  Marauder, Widow Mine  
  168  10:57  Marauder  
  168  10:58  Marine  
  168  11:00  SCV x2  
  168  11:01  Marauder  
  168  11:02  Marauder  
  171  11:06  Factory Reactor  
  171  11:09  Planetary Fortress  
  165  11:16  Marine x2  
  165  11:17  Marauder, Siege Tank  
  167  11:19  Marauder  
  167  11:20  Medivac  
  167  11:22  Marauder  
  167  11:24  Marauder, SCV x3  
  164  11:32  Marine  
  163  11:36  SCV x2  
  163  11:38  Marauder  
  161  11:40  Marauder  
  161  11:43  Drilling Claws  
  161  11:44  Marauder  
  161  11:47  Marauder, Marine x2  
  165  11:49  Marine, Widow Mine  
  165  11:50  Marine  
  165  11:54  Hellion, Widow Mine  
  176  12:00  Marauder  
  168  12:01  Marauder  
  168  12:03  Marine  
  168  12:05  Marauder  
  173  12:09  Marauder  
  173  12:10  Command Center, Marine, Widow Mine  
  173  12:12  Medivac  
  173  12:15  Widow Mine x2  
  184  12:18  Marine  
  184  12:21  Marauder  
  187  12:23  Marauder  
  187  12:26  Marauder, Medivac  
  193  12:30  Marauder  
  193  12:32  Command Center, Widow Mine  
  193  12:37  Widow Mine  
  199  12:42  Marauder, Medivac  
  199  12:43  Widow Mine  
  187  12:52  Marine  
  187  12:53  Marauder, Widow Mine  
  187  12:54  Command Center, Barracks  
  187  12:55  Barracks  
  187  12:56  Medivac  
  187  12:58  Widow Mine  
  192  13:04  Widow Mine  
  182  13:09  Marine x2  
  182  13:10  Marauder x2  
  173  13:15  Marauder x2, Widow Mine  
Tags
 
Add a new tag
Caveats
  • Supply blocks, unpowered buildings, or Contaminate may cause inaccurate times.
  • Supply counts are checked every 10 seconds.